 Dungeon Crawl Stone Soup version 0.18.1-48-g4cf74bf (webtiles) character file.

133 KrisztiCat the Digger (level 5, 0/28 HPs)
             Began as a Gargoyle Earth Elementalist on July 1, 2016.
             Killed from afar by a white imp (7 damage)
             ... with a puff of frost
             ... summoned by Natasha
             ... on level 2 of the Dungeon.
             The game lasted 00:12:48 (1910 turns).

KrisztiCat the Digger (Gargoyle Earth Elementalist) Turns: 1910, Time: 00:12:48

Health: 0/28       AC:  7    Str: 11    XL:     5   Next: 16%
Magic:  11/11      EV: 12    Int: 17    God:
Gold:   49         SH:  0    Dex: 10    Spells: 2 memorised, 8 levels left

rFire  . . .     SeeInvis .     b - 101 stones
rCold  . . .     Gourm    .     a - +0 robe
rNeg   + . .     Faith    .     (no shield)
rPois  ∞         Spirit   .     (no helmet)
rElec  +         Dismiss  .     p - +0 cloak
rCorr  .         Reflect  .     (no gloves)
SustAt .         Harm     .     (no boots)
MR     .....                    (no amulet)
Stlth  ++........               (no ring)
                                (no ring)

@: slowed, very slow, not resistant to hostile enchantments, unstealthy
A: negative energy resistance 1, electricity resistance, unbreathing,
petrification resistance, rot immunity, AC +4
a: no special abilities


You were on level 2 of the Dungeon.
You were not hungry.

You visited 1 branch of the dungeon, and saw 3 of its levels.

You collected 49 gold pieces.

Inventory:

Hand Weapons
 i - a +0 mace
Missiles
 b - 101 stones (in hand)
Armour
 a - a +0 robe (worn)
 p - a +0 cloak (worn)
Wands
 f - a wand of heal wounds (2/9)
Scrolls
 e - a scroll of identify {unknown}
 g - a scroll of amnesia {unknown}
 l - a scroll of teleportation {unknown}
 m - a scroll of enchant armour {unknown}
 o - a scroll of fog {unknown}
 q - 2 scrolls of enchant weapon {unknown}
Potions
 h - a potion of cancellation {unknown}
 k - a potion of agility {unknown}
 n - a potion of haste {unknown}
Books
 c - a book of Geomancy

   Spells                             Type                      Level
   a - Sandblast                      Earth                        1
   b - Passwall                       Transmutation/Earth          2
   c - Stone Arrow                    Conjuration/Earth            3
   d - Petrify                        Transmutation/Earth          4
   e - Lee's Rapid Deconstruction     Earth                        5
Comestibles
 d - 3 bread rations
 j - 9 chunks of flesh


   Skills:
 - Level 1.5 Dodging
 - Level 2.1 Stealth
 * Level 4.1 Spellcasting
   Level 0.7 Transmutations
 + Level 4.8 Earth Magic


You had 8 spell levels left.
You knew the following spells:

 Your Spells              Type           Power        Failure   Level  Hunger
a - Sandblast             Erth           ###...       2%          1    None
b - Stone Arrow           Conj/Erth      ##....       21%         3    ###....


Dungeon Overview and Level Annotations

Branches:
Dungeon (3/15)

Altars:
Ashenzari
Xom

Annotations:
D:2 Natasha


Innate Abilities, Weirdness & Mutations

You are resistant to torment.
Your stone body is resilient (AC +4).
You are immune to poison.
You resist negative energy.
You are resistant to electric shocks.
You can survive without breathing.
You are immune to petrification.
You are immune to rotting.


Message History

Natasha glows brightly for a moment.
Natasha mumbles some strange words.
Natasha casts a spell at you. The magic dart hits you!
The white imp gestures at you. The puff of frost hits you!
* * * LOW HITPOINT WARNING * * *
You see here a rat skeleton.
Natasha casts a spell.
You see here a club.
Drink which item? (? for menu, Esc to quit)
Okay, then.
Natasha howls an incantation.
Natasha's fingertips start to glow.
Natasha casts a spell.
Natasha casts a spell at you.
You feel yourself slow down. The white imp gestures at you.
The puff of frost hits you!
You die...

# ♣♣.♣ #.........'....####### #
♣.♣♣ #.........####.# # # ##.##
###+#....#....#.# ### # #.).#
#............##.#####.# # #...#
#...............#.....# # #)..#
#...#.###.##.#......#.# # #####
#......##.##.#......#.# #
#.......[...5.......... ####
######.....@...h..5......#.#
.#.###<.##.....#########).......#
.#.....).......# .... #÷#......#
.#.....#.####..# .....#h#.##.###
.......#.# ##.# .....#.#.##.#.#
.......#.# #.# .._.............
.......#.# #.# ...5..#....#.#.#
.......#.# #.# ......#....#....
.......#.# #.# ..... #....#####


You could see Natasha, a crimson imp and a white imp.

Vanquished Creatures
  Crazy Yiuf (D:2)
  Terence (D:2)
  2 adders (D:2)
  2 worms (D:2)
  3 dart slugs
  A giant gecko (D:2)
  5 giant cockroaches
  7 goblins
  3 hobgoblins
  9 jackals
  A ball python (D:2)
  5 bats
  3 giant newts
  A kobold (D:1)
  5 rats
49 creatures vanquished.

Notes
Turn   | Place    | Note
--------------------------------------------------------------
     0 | D:1      | KrisztiCat the Gargoyle Earth Elementalist began the quest for the Orb.
     0 | D:1      | Reached XP level 1. HP: 10/10 MP: 3/3
    60 | D:1      | Reached XP level 2. HP: 10/15 MP: 1/5
   484 | D:1      | Reached XP level 3. HP: 16/19 MP: 2/7
   891 | D:2      | Noticed Crazy Yiuf
   900 | D:2      | Killed Crazy Yiuf
   900 | D:2      | Reached XP level 4. HP: 7/24 MP: 2/9
   952 | D:2      | Learned a level 3 spell: Stone Arrow
  1107 | D:2      | Noticed Terence
  1455 | D:2      | Killed Terence
  1589 | D:2      | Reached XP level 5. HP: 15/28 MP: 8/10
  1598 | D:2      | Found a shattered altar of Ashenzari.
  1896 | D:2      | Found a shimmering altar of Xom.
  1896 | D:2      | Noticed Natasha
  1910 | D:2      | Killed from afar by a white imp

Skill      XL: |  1  2  3  4  5 |
---------------+----------------+-----
Earth Magic    | 4 |  4.8
Spellcasting   | 3 4 |  4.1
Dodging        | |  1.5
Stealth        | |  2.1
Transmutations | |  0.7

Action                   |  1- 3 |  4- 6 || total
-------------------------+-------+-------++-------
Melee: Unarmed           |     7 |       ||     7
       Mace              |    29 |    51 ||    80
       Dagger            |     7 |       ||     7
 Cast: Sandblast         |    35 |    33 ||    68
 Stab: Sleeping          |     3 |     1 ||     4
  Eat: Chunk             |       |     2 ||     2
       Pizza             |       |     1 ||     1
Armor: Robe              |    26 |    35 ||    61
Dodge: Dodged            |    41 |    45 ||    86
